 Dungeon Crawl Stone Soup version 0.28-a0-1447-ga5a8893891 (webtiles) character file.

Game seed: 6429451713464649813

2852 croobank the Carver (level 9, 0/63 (67) HPs)
             Began as a Green Draconian Transmuter on Jan 11, 2022.
             Was a Follower of Vehumet.
             Slain by a wight (1 damage)
             ... on level 8 of the Dungeon.
             The game lasted 00:18:20 (7154 turns).

croobank the Carver (Green Draconian Transmuter)    Turns: 7154, Time: 00:18:21

HP:   0/63 (67)     AC:  8    Str: 19    XL:     9   Next: 46%
MP:   12/12         EV: 12    Int: 14    God:    Vehumet [*.....]
Gold: 255           SH:  0    Dex: 15    Spells: 9/13 levels left

rFire   . . .      SeeInvis .   a - +7 Singing Sword {vorpal, sonic wave}
rCold   . . .      Faith    .   p - orb {*Rage}
rNeg    + . .      Spirit   .   (armour unavailable)
rPois   +          Reflect  .   (helmet restricted)
rElec   .          Harm     .   w - +0 cloak
rCorr   .          Rampage  .   (no gloves)
Will    .....      Rage     20% (no boots)
Stlth   +.........              (no amulet)
HPRegen 0.20/turn               q - +6 ring of strength
MPRegen 0.13/turn               A - ring of positive energy

@: about to teleport, on berserk cooldown, slowed, drained, very slow
A: breathe noxious fumes, AC +7, unfitting armour, poison resistance,
cold-blooded
a: Breathe Noxious Fumes, Renounce Religion


You were on level 8 of the Dungeon.
You worshipped Vehumet.
Vehumet was aware of your devotion.
You visited 2 branches of the dungeon, and saw 9 of its levels.

You collected 281 gold pieces.
You spent 26 gold pieces at shops.

Inventory:

Hand Weapons
 a - the +7 Singing Sword (weapon) {vorpal, sonic wave}
   (You found it on level 3 of the Dungeon)

   It inflicts extra damage upon your enemies.
   It radiates damaging sonic waves as it strikes, especially in combat
   involving dangerous or numerous foes.
 b - a +0 hunting sling
 v - a +3 quarterstaff of chaos
 B - a +0 war axe of electrocution
Missiles
 c - 107 arrows
 j - 36 bolts
 r - 11 poisoned darts
 y - 38 sling bullets
 z - 159 stones
Armour
 d - a +0 kite shield
 p - an orb of wrath (worn)
 w - a +0 cloak (worn)
Magical Staves
 g - a staff of cold
 i - a staff of air
Jewellery
 q - a +6 ring of strength (left hand)
 A - a ring of positive energy (right hand)
Wands
 x - a wand of mindburst (14)
Scrolls
 f - a scroll of holy word
 l - a scroll of magic mapping {unknown}
 m - 2 scrolls of fog {unknown}
 o - 2 scrolls of amnesia {unknown}
 s - a scroll of enchant weapon {unknown}
 t - a scroll of silence {unknown}
 D - a scroll of immolation {unknown}
Potions
 e - 4 potions of lignification
 h - 4 potions of ambrosia
 k - a potion of experience {unknown}
 u - a potion of curing {unknown}
 C - a potion of resistance {unknown}
 E - a potion of might {unknown}
 F - a potion of flight {unknown}


   Skills:
 - Level 2.0 Fighting
 + Level 12.4 Long Blades
 - Level 0.4 Axes
 - Level 2.2 Dodging
 - Level 3.2 Unarmed Combat
 - Level 2.5 Spellcasting
 - Level 2.5 Transmutations


You had 9 spell levels left.
You knew the following spells:

 Your Spells              Type           Power      Damage    Failure   Level
a - Beastly Appendage     Tmut           16%        N/A       9%          1
b - Wereblood             Tmut           8%         N/A       12%         2
c - Foxfire               Conj/Fire      4%         2x1d4     22%         1

Your spell library contained the following spells:

 Spells                   Type           Power      Damage    Failure   Level
 Passwall                 Tmut/Erth      4%         N/A       21%         2
 Spider Form              Tmut/Pois      5%         N/A       38%         3
 Ignite Poison            Fire/Tmut/Pois 4%         N/A       43%         3
 Conjure Flame            Conj/Fire      1%         6-21      56%         3
 Gell's Gravitas          Tloc           1%         N/A       56%         3
 Lesser Beckoning         Tloc           1%         N/A       56%         3
 Stone Arrow              Conj/Erth      2%         3d7       56%         3
 Teleport Other           Tloc           1%         N/A       56%         3
 Ice Form                 Ice/Tmut       5%         N/A       80%         4
 Sticky Flame             Conj/Fire      1%         2d3       92%         4


Dungeon Overview and Level Annotations

Branches:
Dungeon (8/15)             Temple (1/1) D:5
   Lair: D:8-11

Altars:
Ashenzari
Cheibriados
Dithmenos
Elyvilon
Fedhas
Gozag
Hepliaklqana
Kikubaaqudgha
Makhleb
Nemelex Xobeh
Okawaru
Qazlal
Ru
Sif Muna
Trog
Uskayaw
Vehumet
Wu Jian
Xom
Yredelemnul
Zin
The Shining One

Shops:
D:3 **((


Innate Abilities, Weirdness & Mutations

You can breathe blasts of noxious fumes.
Your lurid green scales are hard. (AC +7)
You cannot fit into any form of body armour.
Your system is resistant to poisons. (rPois)
You are cold-blooded and may be slowed by cold attacks.


Message History

You destroy the wight!
Vehumet accepts your kill.
The wight is heavily damaged.
You destroy the wight!
Vehumet accepts your kill.
Your life force feels restored.
You feel a strong urge to attack something.
You are no longer berserk.
You are exhausted.
You feel yourself slow down.
Your horns disappear.
Your talons disappear.
The wight barely misses you. The wight hits you but does no damage.
The wight hits you with a +3 long sword!
The wight misses you. The wight hits you but does no damage.
The wight hits you with a +3 falchion. You partially resist.
You feel drained. The wight hits you with a +3 falchion. You partially resist.
You feel drained.
The wight hits you with a +3 long sword.
The wight hits you with a +3 long sword.
You partially resist.
You feel drained.
You closely miss the wight.
You tail-slap the wight, but do no damage.
The wight is heavily damaged.
The wight hits you with a +3 long sword!
* * * LOW HITPOINT WARNING * * *
The wight completely misses you.
You slice the wight!!
You destroy the wight!
Vehumet accepts your kill. The wight misses you.
The wight hits you with a +3 long sword.
* * * LOW HITPOINT WARNING * * *
Okay, then.
As you read the scroll of teleportation, it crumbles to dust.
You feel strangely unstable.
The wight hits you with a +3 long sword!
* * * LOW HITPOINT WARNING * * *
You partially resist.
You feel drained.
You die...

#####......##...!....#.##........
>..........)...............>..#..
#####...)).#..............#.#.#.#
##.........###..###..####.#.#.#.#
##...........##.##.....##.###.#..
##........<#.##.##...#.##.# #.###
##.........#.#.......#.##.# #....
.............#D#).#..#....# #####
##.........###.#@.##.#########
##...####### #.z..............
.........# ####..#.#########
.........# #..#.#######
.........# #..#.......######
.........# #..#............#
.........#### #...............#
............# #...............#
............# #....##.........#


You could see a wight.

Vanquished Creatures
  A kobold demonologist (D:7)
  A troll (D:6)
  A wyvern (D:6)
  A water moccasin (D:7)
  A black bear (D:4)
  A sky beast (D:7)
  An ice beast (D:8)
  An orc warrior (D:7)
  2 ogres
  3 centaurs
  A phantom (D:4)
  A bullfrog (D:7)
  A kobold brigand (D:8)
  2 scorpions
  6 wights (D:8)
  A bullfrog zombie (D:5)
  A centaur zombie (D:6)
  3 jellies
  A quasit (D:6)
  2 bullfrog skeletons
  2 orc priests
  4 hounds
  Crazy Yiuf (D:4)
  3 iguanas (D:6)
  An orc wizard (D:5)
  A hound skeleton (D:5)
  4 gnolls (D:4)
  3 adders
  2 white imps (D:5)
  2 ufetubi
  2 adder skeletons (D:4)
  A worm (D:3)
  3 dart slugs
  18 orcs
  5 bats
  8 endoplasms
  3 goblins (D:3)
  6 hobgoblins
  9 kobolds
  3 quokkas
  4 ball pythons
  2 frilled lizards (D:3)
  A goblin skeleton (D:6)
  2 goblin zombies (D:6)
  A hobgoblin zombie (D:6)
  4 kobold zombies (D:6)
  2 orc zombies (D:6)
  6 rats
135 creatures vanquished.

Notes
Turn   | Place    | Note
-------+----------+-------------------------------------------
     0 | D:1      | croobank the Draconian Transmuter began the quest for the
                  | Orb.
     0 | D:1      | Reached XP level 1. HP: 16/16 MP: 3/3
   352 | D:1      | Reached XP level 2. HP: 18/23 MP: 3/5
   433 | D:1      | Found a faded altar of an unknown god.
  1102 | D:2      | Reached XP level 3. HP: 9/29 MP: 4/6
  1641 | D:2      | You fall into a shaft and drop 1 floor!
  1687 | D:3      | Found Mioxefuaro's Antique Weapon Emporium.
  1762 | D:3      | Learned a level 2 spell: Wereblood
  1776 | D:3      | Found Ibamm's General Store.
  1881 | D:3      | Found Saumoh's Antique Weapon Boutique.
  2336 | D:3      | Found the +7 Singing Sword {vorpal, sonic wave}
  2467 | D:3      | Found Jeepn's General Store.
  2471 | D:3      | Bought a scroll of identify for 26 gold pieces
  2551 | D:4      | Reached skill level 1 in Long Blades
  2551 | D:4      | Reached XP level 4. HP: 34/36 MP: 7/7
  2560 | D:4      | Noticed a phantom
  2561 | D:4      | Reached skill level 2 in Long Blades
  2574 | D:4      | Killed a phantom
  2575 | D:4      | Reached skill level 3 in Long Blades
  2575 | D:4      | Reached XP level 5. HP: 36/41 MP: 8/8
  2737 | D:4      | Reached skill level 4 in Long Blades
  3053 | D:4      | Reached XP level 6. HP: 39/48 MP: 9/9
  3126 | D:4      | Reached skill level 5 in Long Blades
  3392 | D:4      | Found a runed translucent door.
  3393 | D:4      | Noticed Crazy Yiuf
  3400 | D:4      | Killed Crazy Yiuf
  3519 | D:5      | Entered Level 5 of the Dungeon
  3538 | D:5      | Reached skill level 6 in Long Blades
  3538 | D:5      | Your scales start taking on a lurid green colour.
  3538 | D:5      | Reached XP level 7. HP: 55/55 MP: 8/10
  3538 | D:5      | Gained mutation: Your system is resistant to poisons.
                  | (rPois) [Green Draconian growth]
  3765 | D:5      | Reached skill level 7 in Long Blades
  3783 | D:5      | Found a staircase to the Ecumenical Temple.
  3798 | Temple   | Entered the Ecumenical Temple
  4067 | Temple   | Became a worshipper of Vehumet
  4494 | D:5      | Reached skill level 8 in Long Blades
  4872 | D:6      | Noticed a wyvern
  4874 | D:6      | Killed a wyvern
  4875 | D:6      | Reached XP level 8. HP: 61/61 MP: 9/11
  5056 | D:6      | Got Sif Muna's Catalogue of Earth
  5085 | D:6      | Reached skill level 9 in Long Blades
  5523 | D:6      | Noticed a troll
  5527 | D:6      | Killed a troll
  5528 | D:6      | Reached skill level 10 in Long Blades
  5653 | D:6      | Found a glowing golden altar of the Shining One.
  5676 | D:6      | Reached * piety under Vehumet
  5676 | D:6      | Offered knowledge of Foxfire by Vehumet.
  5689 | D:6      | Learned a level 1 spell: Foxfire
  6224 | D:7      | Reached skill level 11 in Long Blades
  6224 | D:7      | Reached XP level 9. HP: 63/67 MP: 10/12
  6245 | D:7      | Noticed a kobold demonologist
  6251 | D:7      | Killed a kobold demonologist
  7125 | D:8      | Reached skill level 12 in Long Blades
  7154 | D:8      | HP: 1/65 [wight (9)]
  7154 | D:8      | Slain by a wight

Illustrated notes

Levels and vault maps discovered:
D:1:      lightli_arrival_noodles, layout_rooms,
          hellmonk_ecumenical_altar_inner_sanctum, minmay_strange_pillars,
          dk_noncrumbling_4, grunt_decor_mini_mirrors
D:2:      layout_basic
D:3:      layout_loops_ring, serial_shops, shop, shop, shop, shop
D:4:      nicolae_cairo_tiling_large_dashed, layout_basic,
          uniq_crazy_yiuf_cottage
D:5:      layout_gridville, temple_doors_e
D:6:      layout_gridville, nicolae_tso_besieged_by_evil
D:7:      layout_basic
D:8:      layout_basic
Temple:   roderic_octagonal_lattice_temple

Skill      XL: |  1  2  3  4  5  6  7  8  9 |
---------------+----------------------------+-----
Dodging        | 2 |  2.2
Fighting       | 2 |  2.0
Long Blades    | 1 3 4 6 8 11 12 | 12.4
Axes           | |  0.4
Unarmed Combat | |  3.2
Spellcasting   | |  2.5
Transmutations | |  2.5

Action                   |  1- 3 |  4- 6 |  7- 9 || total
-------------------------+-------+-------+-------++-------
Melee: Unarmed           |    59 |       |       ||    59
       Kick              |    15 |     2 |    18 ||    35
       Headbutt          |    13 |       |    11 ||    24
       Tailslap          |    12 |     1 |    10 ||    23
       Hand axe          |    61 |       |       ||    61
       Double sword      |     7 |    32 |   123 ||   162
       Punch             |     2 |       |       ||     2
 Cast: Beastly Appendage |    24 |     5 |    26 ||    55
 Abil: Breathe Noxious F |       |       |     1 ||     1
  Use: Scroll            |     4 |       |     3 ||     7
 Stab: Sleeping          |       |       |     2 ||     2
       Confused          |       |       |     1 ||     1
Armor: Skin              |    46 |     9 |    54 ||   109
Dodge: Dodged            |    88 |    24 |    94 ||   206

Table legend: (Time is in decaauts)
 A = Elapsed time spent in this place.
 B = Non-inter-level travel time spent in this place.
 C = Inter-level travel time spent in this place.
 D = Time resting spent in this place.
 E = Time spent auto-exploring this place.
 F = Levels seen in this place.
 G = Mean time per level.
                   A        B        C        D        E       F      G
               +--------+--------+--------+--------+--------+-----+--------+
         Total |   7399 |   7214 |    185 |   1141 |   4549 |   9 |  822.1 |
       Dungeon |   6949 |   6788 |    161 |   1141 |   4152 |   8 |  868.6 |
        Temple |    449 |    425 |     24 |      0 |    397 |   1 |  449.0 |
               +--------+--------+--------+--------+--------+-----+--------+

Top non-repeatable levels by time:
     D:6: 1152 daAuts
     D:1: 1084 daAuts
     D:4: 1037 daAuts
     D:3: 925 daAuts
     D:5: 912 daAuts
     D:7: 900 daAuts
     D:2: 555 daAuts
  Temple: 449 daAuts
     D:8: 381 daAuts
